 Dungeon Crawl Stone Soup version 0.30-a0-591-g3c58d2bc28 (webtiles) character file.

Game seed: 8293053528581899528

2549 spardeous the Nimble (level 9, -2/40 HPs)
             Began as a Felid Earth Elementalist on Jan 5, 2023.
             Was an Initiate of Gozag.
             Shot with an arrow by a centaur warrior (25 damage)
             ... on level 9 of the Dungeon.
             The game lasted 00:22:33 (11095 turns).

spardeous the Nimble (Felid Earth Elementalist)    Turns: 11095, Time: 00:22:34

Health: -2/40      AC:  2    Str:  4    XL:     9   Next: 30%
Magic:  29/29      EV: 23    Int: 21    God:    Gozag
Gold:   1144       SH:  0    Dex: 17    Spells: 18/22 levels left
                                        Lives:  0   Deaths: 2

rFire   . . .      SeeInvis +    (weapon unavailable)
rCold   . . .      Faith    .    (shield unavailable)
rNeg    . . .      Spirit   .    (body armour unavailable)
rPois   .          Reflect  .    (helmet unavailable)
rElec   .          Harm     .    (cloak unavailable)
rCorr   .          Rampage  .    (gloves unavailable)
Will    ++...                    (boots unavailable)
Stlth   ++                       (no amulet)
HPRegen 0.26/turn                n - ring of willpower
MPRegen 0.21/turn                B - ring of magical power

@: quick
A: very small, claws 1, fangs 3, see invisible, speed 1, shaggy fur 2, stealthy
paws, no weapons or thrown items, no armour, multi-lived
a: Renounce Religion, Potion Petition, Call Merchant, Bribe Branch


You were on level 9 of the Dungeon.
You worshipped Gozag.
Gozag was most pleased with you.
You visited 2 branches of the dungeon, and saw 10 of its levels.

You collected 1304 gold pieces.
You spent 75 gold pieces at shops.
You paid 85 gold pieces to Gozag.

Inventory:

Jewellery
 e - a +6 ring of strength
 f - an amulet of guardian spirit
 l - a ring of positive energy
 n - a ring of willpower (left paw)
 w - a ring of willpower
 z - a ring of positive energy
 B - a ring of magical power (right paw)
Wands
 s - a wand of polymorph (13)
 v - a wand of flame (23)
 y - a wand of quicksilver (6)
 D - a wand of roots (13)
 F - a wand of paralysis (11)
Scrolls
 c - 11 scrolls of identify
 d - 3 scrolls of torment {unknown}
 j - 5 scrolls of blinking
 m - 3 scrolls of teleportation {unknown}
 o - 3 scrolls of enchant armour {unknown}
 p - 4 scrolls of enchant weapon {unknown}
 r - a scroll of fog {unknown}
 t - 2 scrolls of noise {unknown}
 C - 3 scrolls of vulnerability {unknown}
 E - 2 scrolls of magic mapping {unknown}
Potions
 a - a potion of magic
 b - 3 potions of curing
 g - 2 potions of might {unknown}
 h - a potion of lignification {unknown}
 i - a potion of cancellation {unknown}
 k - 4 potions of heal wounds
 q - 2 potions of attraction {unknown}
 u - a potion of brilliance {unknown}
 x - 2 potions of resistance {unknown}
 A - a potion of berserk rage {unknown}


   Skills:
 + Level 5.3 Fighting
 - Level 10.0 Dodging
 - Level 2.6 Stealth
 - Level 7.0 Spellcasting
 - Level 10.0 Conjurations
 - Level 1.1 Transmutations
 - Level 7.0 Earth Magic


You had 18 spell levels left.
You knew the following spells:

 Your Spells              Type           Power      Damage    Failure   Level
a - Sandblast             Erth           72%        2d16      1%          1
b - Stone Arrow           Conj/Erth      86%        3d12      1%          3

Your spell library contained the following spells:

 Spells                   Type           Power      Damage    Failure   Level
 Passwall                 Tmut/Erth      20%        N/A       2%          2
 Ensorcelled Hibernation  Hex/Ice        14%        N/A       13%         2
 Petrify                  Tmut/Erth      24%        N/A       17%         4
 Leda's Liquefaction      Hex/Erth       11%        N/A       21%         4
 Call Canine Familiar     Summ           7%         N/A       26%         3
 Swiftness                Air            7%         N/A       26%         3
 Portal Projectile        Hex/Tloc       Unusable   N/A       N/A         3

Dungeon Overview and Level Annotations

Branches:
Dungeon (9/15)             Temple (1/1) D:4            Lair (0/5) D:8
    Orc: D:9-12

Altars:
Ashenzari
Cheibriados
Dithmenos
Elyvilon
Fedhas
Gozag
Hepliaklqana
Kikubaaqudgha
Makhleb
Nemelex Xobeh
Okawaru
Qazlal
Ru
Trog
Uskayaw
Vehumet
Wu Jian
Xom
Yredelemnul
Zin
The Shining One

Shops:
D:8 *


Innate Abilities, Weirdness & Mutations

You have sharp claws.
You have razor-sharp teeth.
You have supernaturally acute eyesight. (SInv)
You cover ground quickly. (Speed+)
You are covered in thick fur. (AC +2)
Your paws help you pounce on unaware monsters.
You are incapable of wielding weapons or throwing items.
You cannot wear armour.
You gain extra lives every three experience levels.


Message History

The blast of sand hits the centaur warrior!
The centaur warrior is almost dead.
The centaur warrior shoots an arrow.
The arrow completely misses you.
The centaur warrior drinks a potion.
The centaur warrior is healed!
Casting: Sandblast (safe; 1% risk of failure)
Confirm with . or Enter, or press ? or * to list all spells.
Aiming: Sandblast (safe; 1% risk of failure)
Press: ? - help, Shift-Dir - straight line, f/p - centaur warrior
Aim: a centaur warrior, wielding a +0 longbow and quivering stones (severely wounded, 88% to hit)
The blast of sand misses the centaur warrior.
The centaur warrior shoots an arrow.
The arrow barely misses you.
The centaur warrior shoots an arrow.
The arrow hits you!
Casting: Sandblast (safe; 1% risk of failure)
Confirm with . or Enter, or press ? or * to list all spells.
Aiming: Sandblast (safe; 1% risk of failure)
Press: ? - help, Shift-Dir - straight line, f/p - centaur warrior
Aim: a centaur warrior, wielding a +0 longbow and quivering stones (severely wounded, 88% to hit)
The blast of sand hits the centaur warrior!
The centaur warrior is almost dead.
The centaur warrior shoots an arrow.
The arrow completely misses you.
The centaur warrior shoots an arrow.
The arrow hits you!!
Ouch! That really hurt!
* * * LOW HITPOINT WARNING * * *
The centaur warrior shoots an arrow.
The arrow hits you!
You die...
You are now level 9!
You rejoin the land of the living...
Found a shimmering altar of Xom.
The centaur warrior shoots an arrow.
The arrow hits you!
A centaur warrior is nearby!
A centaur warrior is nearby!
A centaur warrior is nearby!
A centaur warrior is nearby!
A centaur warrior is nearby!
A centaur warrior is nearby!
A centaur warrior is nearby!
The centaur warrior shoots an arrow.
The arrow hits you!!
Ouch! That really hurt!
You die...
Your body crumbles into a pile of gold.

#...........#
#.)#....$...#
##.#######c..#
#).# ##..# ##
##..# $.# #.##
#..## # ## ..#
#...# #..#
#######.##.....
##.##
.....##.#......
#..#
.._...#@.......
###.##
......#........
....# ##+##
#........ ....#
#........ ....#
+##+##+#........
....#
#.................
....#
.........#.#.....
....#
........#.#^....
...##
......###.#...##


You could see a centaur warrior.

Vanquished Creatures
  A centaur warrior (D:9)
  Pikel (D:3)
  A wizard (D:9)
  2 manticores (D:9)
  A cyclops (D:9)
  An elephant (D:8)
  A tengu conjurer (D:9)
  Grinder (D:3)
  2 slime creatures
  A wyvern (D:8)
  10 yaks
  3 basilisks
  3 water moccasins
  An acid dragon (D:9)
  3 black bears (D:8)
  An orc warrior (D:8)
  An ice beast (D:7)
  A centaur (D:9)
  An ogre (D:4)
  3 phantoms
  2 lemures (D:3)
  2 bullfrogs
  4 kobold brigands
  A gnoll sergeant (D:9)
  A scorpion (D:5)
  4 wights (D:8)
  2 necrophages
  6 killer bees (D:7)
  4 howler monkeys
  2 hounds
  6 jellies
  An orc priest (D:5)
  A gnoll bouda (D:4)
  Natasha (thrice) (D:2)
  An iguana (D:5)
  6 orc wizards
  10 adders
  12 gnolls
  A shadow imp (D:6)
  2 white imps
  An ufetubus (D:7)
  A worm (D:2)
  4 dart slugs
  20 orcs
  4 bats
  24 endoplasms
  3 giant cockroaches
  6 goblins
  7 hobgoblins
  6 jackals
  6 quokkas
  10 ball pythons
  4 frilled lizards
  22 kobolds
  5 rats
233 creatures vanquished.

Vanquished Creatures (others)
  6 fungi (D:8)
  A plant (D:8)
7 creatures vanquished.

Grand Total: 240 creatures vanquished

Notes
Turn   | Place    | Note
-------+----------+-------------------------------------------
     0 | D:1      | spardeous the Felid Earth Elementalist began the quest for
                  | the Orb.
     0 | D:1      | Reached XP level 1. HP: 7/7 MP: 4/4
   137 | D:1      | Reached XP level 2. HP: 7/11 MP: 0/6
   709 | D:1      | Reached XP level 3. HP: 14/14 MP: 5/7
  1497 | D:2      | Found a sacrificial altar of Ru.
  1509 | D:2      | Noticed Natasha
  1534 | D:2      | Learned a level 3 spell: Stone Arrow
  1809 | D:2      | Reached XP level 4. HP: 18/18 MP: 2/8
  1893 | D:2      | Found a faded altar of an unknown god.
  1960 | D:2      | Killed Natasha
  1996 | D:2      | Noticed Natasha
  2007 | D:2      | Killed Natasha
  2008 | D:2      | Reached skill level 5 in Earth Magic
  2067 | D:2      | Noticed Natasha
  2072 | D:2      | Killed Natasha
  2073 | D:2      | Reached XP level 5. HP: 21/21 MP: 4/9
  2276 | D:3      | Noticed Grinder
  2759 | D:3      | Killed Grinder
  2760 | D:3      | Gained mutation: You are covered in thick fur. (AC +2)
                  | [Felid growth]
  2760 | D:3      | Reached XP level 6. HP: 18/24 MP: 5/10
  3160 | D:4      | Found a staircase to the Ecumenical Temple.
  3215 | Temple   | Entered the Ecumenical Temple
  3695 | D:4      | Noticed Pikel
  3891 | D:3      | Killed Pikel
  3892 | D:3      | Reached XP level 7. HP: 27/27 MP: 7/11
  3934 | D:4      | Reached XP level 8. HP: 31/31 MP: 7/12
  4574 | D:5      | Entered Level 5 of the Dungeon
  4721 | D:5      | Reached skill level 1 in Conjurations
  5240 | D:5      | Found a glowing silver altar of Zin.
  5240 | D:5      | Found a white marble altar of Elyvilon.
  5241 | D:5      | Found a glowing golden altar of the Shining One.
  5309 | D:6      | Found a sparkling altar of Nemelex Xobeh.
  5309 | D:6      | Found an opulent altar of Gozag.
  5315 | D:6      | Became a worshipper of Gozag Ym Sagoz the Greedy
  5438 | D:6      | Reached skill level 10 in Dodging
  6351 | D:7      | Reached skill level 5 in Spellcasting
  6477 | D:7      | Reached XP level 9. HP: 34/34 MP: 14/18
  7185 | D:7      | Found a sacrificial altar of Ru.
  7185 | D:7      | Found a hide-covered altar of Uskayaw.
  7186 | D:7      | Found a stormy altar of Qazlal.
  7490 | D:8      | Noticed an elephant
  7696 | D:8      | Found a staircase to the Lair.
  8078 | D:8      | Reached skill level 5 in Conjurations
  8583 | D:8      | Killed an elephant
  8701 | D:8      | Reached XP level 10. HP: 37/37 MP: 20/21
  9325 | D:8      | Found Jizido's General Store.
  9339 | D:8      | Bought a potion of heal wounds for 75 gold pieces
 10436 | D:9      | Noticed a manticore
 10436 | D:9      | Noticed a centaur warrior
 10436 | D:9      | Noticed a cyclops
 10450 | D:9      | Killed a centaur warrior
 10451 | D:9      | Reached skill level 10 in Conjurations
 10554 | D:9      | Killed a manticore
 10866 | D:9      | Noticed a manticore
 10870 | D:9      | Killed a manticore
 10871 | D:9      | Reached XP level 11. HP: 28/45 MP: 14/22
 10877 | D:9      | Noticed a wizard
 10896 | D:9      | Killed from afar by a wizard
 10897 | D:9      | Reached XP level 10. HP: -28/42 MP: 7/30
 10905 | D:9      | Killed a wizard
 10966 | D:9      | Noticed an elephant
 11033 | D:9      | Killed a cyclops
 11034 | D:9      | Reached skill level 5 in Fighting
 11084 | D:9      | Noticed a centaur warrior
 11089 | D:9      | Shot with an arrow by a centaur warrior
 11090 | D:9      | Reached XP level 9. HP: -5/40 MP: 1/29
 11094 | D:9      | Found a shimmering altar of Xom.
 11095 | D:9      | Shot with an arrow by a centaur warrior

Illustrated notes

Levels and vault maps discovered:
D:1:      saegor_arrival_fortress, layout_basic, minivault_14
D:2:      layout_rooms, hellmonk_ecumenical_altar_inner_sanctum, basic_altar,
          nicolae_concentric_dashed_squares_mild, uniq_natasha
D:3:      layout_rooms, grunt_ministairs_9, minmay_door_square,
          kennysheep_generic_room_2, uniq_grinder
D:4:      layout_basic, minmay_temple_entry_statues,
          nicolae_figureground_sparkle, uniq_pikel
D:5:      layout_loops_ring, good_gods_temple_1, dk_noncrumbling_4
D:6:      layout_cave_pools, grunt_temple_overflow_opulence,
          serial_column_ruins, column_ruins_pillar_3, column_ruins_pillar_4,
          column_ruins_pillar_4, column_ruins_pillar_5, column_ruins_pillar_1,
          column_ruins_pillar_3, column_ruins_pillar_6, column_ruins_pillar_3,
          column_ruins_pillar_10, column_ruins_pillar_3, column_ruins_pillar_4,
          st_stairs_5
D:7:      layout_basic, gammafunk_temple_overflow_claw
D:8:      lemuel_slime, layout_layer_cave, david_lair_generic, serial_shops,
          shop
D:9:      layout_cave_pods, dk_xom_monty_hall, serial_shops,
          nicolae_shop_waterfront, minivault_28
Temple:   chequers_temple_sunken

Skill      XL: |  1  2  3  4  5  6  7  8  9 10 |
---------------+-------------------------------+-----
Earth Magic    | 3 4 5 6 7 |  7.0
Dodging        | 3 6 8 9 10 | 10.0
Conjurations   | 2 6 10 | 10.0
Spellcasting   | 5 7 |  7.0
Fighting       | 5 |  5.3
Stealth        | |  2.6
Transmutations | |  1.1

Action                   |  1- 3 |  4- 6 |  7- 9 | 10-12 || total
-------------------------+-------+-------+-------+-------++-------
Melee: Unarmed           |     3 |       |       |       ||     3
 Cast: Sandblast         |    59 |   101 |   176 |    40 ||   376
       Stone Arrow       |       |       |    15 |    89 ||   104
  Use: Potion            |       |       |     2 |       ||     2
       Scroll            |       |       |       |     1 ||     1
Armor: Skin              |     1 |     4 |     5 |     3 ||    13
Dodge: Dodged            |    42 |    27 |    65 |    37 ||   171

Table legend: (Time is in decaauts)
 A = Elapsed time spent in this place.
 B = Non-inter-level travel time spent in this place.
 C = Inter-level travel time spent in this place.
 D = Time resting spent in this place.
 E = Time spent auto-exploring this place.
 F = Levels seen in this place.
 G = Mean time per level.
                   A        B        C        D        E       F      G
               +--------+--------+--------+--------+--------+-----+--------+
         Total |   9944 |   9348 |    596 |    725 |   6309 |  10 |  994.4 |
       Dungeon |   9744 |   9155 |    589 |    725 |   6121 |   9 | 1082.7 |
        Temple |    199 |    192 |      7 |      0 |    187 |   1 |  199.0 |
               +--------+--------+--------+--------+--------+-----+--------+

Top non-repeatable levels by time:
     D:8: 2160 daAuts
     D:9: 1167 daAuts
     D:1: 1155 daAuts
     D:3: 1139 daAuts
     D:7: 1134 daAuts
     D:4: 867 daAuts
     D:2: 760 daAuts
     D:6: 713 daAuts
     D:5: 645 daAuts
  Temple: 199 daAuts
